[Event "ICC tourney 2029 (45 10)"]
[Site "Internet Chess Club"]
[Date "2020.10.03"]
[Round "1"]
[White "TheDude865"]
[Black "wahoo"]
[Result "1-0"]
[ICCResult "Black checkmated"]
[WhiteElo "1337"]
[BlackElo "1701"]
[Opening "Scandinavian (center counter) defense"]
[ECO "B01"]
[NIC "SD.01"]
[Time "11:06:33"]
[TimeControl "2700+10"]

1. e4 d5 2. exd5 Qxd5 3. Nc3 Qa5 4. d4 Nf6 5. Bc4 Bf5 6. Nf3 c6 7. O-O e6 8.
a3 Nbd7 9. Bf4 Be7 10. Re1 O-O 11. Nh4 Bg4 12. Be2 Bxe2 13. Qxe2 Nd5 14.
Nxd5 Qxd5 15. Nf3 Rad8 16. c4 Qf5 17. Qe4 Qxe4 18. Rxe4 Nb6 19. Rc1 Bf6 20.
Be5 Bxe5 21. dxe5 Rd7 22. Kf1 Rfd8 23. Ke2 Na4 24. b3 Nb2 25. Rc3 Nd3 26. g3
Nc5 27. Ree3 Kf8 28. b4 Na4 29. Rcd3 Ke7 30. Rxd7+ Rxd7 31. Rd3 h6 32. Rxd7+
Kxd7 33. Kd3 Nb2+ 34. Kd4 Nd1 35. Nd2 Nxf2 36. Ne4 Ng4 37. h3 Nh2 38. Ke3 g5
39. Kf2 b6 40. Kg2 Ke7 41. Kxh2 Kd7 42. Kg2 a5 43. Kf3 h5 44. Nxg5 Ke7 45.
Ne4 a4 46. Kf4 b5 47. c5 Kf8 48. Kg5 Kg7 49. Kxh5 Kh7 50. Kg5 Kg7 51. h4 Kh7
52. h5 Kg7 53. h6+ Kh7 54. Kf6 Kg8 55. h7+ Kxh7 56. Kxf7 Kh6 57. Kxe6 Kg7
58. Kd7 Kf7 59. e6+ Kg6 60. e7 Kf5 61. e8=Q Kg4 62. Qg6+ Kf3 63. Qf5+ Kg2
64. g4 Kh3 65. Qf3+ Kh2 66. Qg3+ Kh1 67. Nf2# {Black checkmated} 1-0

[Event "ICC tourney 2029 (45 10)"]
[Site "Internet Chess Club"]
[Date "2020.10.03"]
[Round "1"]
[White "Kausy"]
[Black "mnm1"]
[Result "0-1"]
[ICCResult "White checkmated"]
[WhiteElo "1760"]
[BlackElo "1374"]
[Opening "Sicilian"]
[ECO "B56"]
[NIC "SI.25"]
[Time "11:07:07"]
[TimeControl "2700+10"]

1. e4 c5 2. Nf3 d6 3. d4 cxd4 4. Nxd4 Nf6 5. Nc3 Nc6 6. f3 Bd7 7. Be3 a6 8.
Qd2 e6 9. O-O-O b5 10. g4 h6 11. h4 Ne5 12. Be2 Rc8 13. g5 b4 14. Nb1 Nh5
15. f4 Nc4 16. Bxc4 Rxc4 17. Qe2 Qc7 18. Qxh5 e5 19. Qe2 exd4 20. Bxd4 Bg4
21. Qg2 Bxd1 22. Rxd1 hxg5 23. hxg5 a5 24. Qe2 a4 25. e5 d5 26. b3 axb3 27.
axb3 Rc6 28. Bb2 Bc5 29. Bd4 Bxd4 30. Rxd4 Rh7 31. Rxd5 Rh1+ 32. Kb2 Qb6 33.
Qd2 Rc8 34. Rd6 Qg1 35. Na3 Qa1# {White checkmated} 0-1

[Event "ICC tourney 2029 (45 10)"]
[Site "Internet Chess Club"]
[Date "2020.10.03"]
[Round "1"]
[White "StayCalm"]
[Black "ved2006"]
[Result "1-0"]
[ICCResult "Black resigns"]
[WhiteElo "2156"]
[BlackElo "1659"]
[Opening "QGD Slav: 4.Nc3"]
[ECO "D15"]
[NIC "SL.03"]
[Time "11:06:42"]
[TimeControl "2700+10"]

1. d4 d5 2. c4 c6 3. Nc3 Nf6 4. Nf3 Bf5 5. cxd5 cxd5 6. Qb3 Qd7 7. Ne5 Qc8
8. Nxd5 Nxd5 9. Qxd5 e6 10. Qb5+ Nc6 11. Bd2 Bd6 12. Nxc6 Qxc6 13. e3 O-O
14. Qxc6 bxc6 15. Be2 c5 16. dxc5 Bxc5 17. O-O Rfd8 18. Bc3 h6 19. Rfd1
Rxd1+ 20. Rxd1 a5 21. Bf3 Rb8 22. Be5 Rb6 23. g4 Bg6 24. Rd8+ Kh7 25. Rd7
Kg8 26. Rc7 Bd6 27. Rc8+ Kh7 28. Bd4 Rb8 29. Rc6 Be7 30. e4 Bf6 31. e5 Bg5
32. Kg2 Bb1 33. a3 Ba2 34. Kg3 Rd8 35. Rd6 Be7 36. Rxd8 Bxd8 37. Be4+ g6 38.
b4 Bc4 39. Bc6 axb4 40. axb4 Bc7 41. f4 Kg7 42. b5 Bb8 43. b6 Bd5 44. Bxd5
exd5 45. Bc5 f6 46. Bd6 {Black resigns} 1-0

[Event "ICC tourney 2029 (45 10)"]
[Site "Internet Chess Club"]
[Date "2020.10.03"]
[Round "1"]
[White "drberkley"]
[Black "dmutalam"]
[Result "1-0"]
[ICCResult "Black resigns"]
[WhiteElo "1921"]
[BlackElo "1532"]
[Opening "Vienna gambit"]
[ECO "C25"]
[NIC "VG.04"]
[Time "11:06:53"]
[TimeControl "2700+10"]

1. e4 e5 2. Nc3 Nc6 3. f4 d6 4. Nf3 Nf6 5. Bb5 exf4 6. d4 Bd7 7. Bxf4 Be7 8.
O-O O-O 9. a3 Bg4 10. Be3 a6 11. Bd3 Qd7 12. Qe1 Rfe8 13. Rd1 Qc8 14. Rd2
Bd8 15. h3 Bh5 16. Rdf2 Bg6 17. Nd2 Qd7 18. b4 b5 19. Re2 h6 20. Kh1 Nh7 21.
Nf3 Bf6 22. Qf2 Bh5 23. g4 Bg6 24. Kh2 Qd8 25. h4 Qe7 26. h5 Bxd4 27. Bxd4
Nxd4 28. Qxd4 f5 29. exf5 {Black resigns} 1-0

[Event "ICC tourney 2029 (45 10)"]
[Site "Internet Chess Club"]
[Date "2020.10.03"]
[Round "1"]
[White "AJM04"]
[Black "sritand"]
[Result "1-0"]
[ICCResult "Black resigns"]
[WhiteElo "2041"]
[BlackElo "1629"]
[Opening "French: Chigorin variation"]
[ECO "C00"]
[NIC "FR.01"]
[Time "11:06:46"]
[TimeControl "2700+10"]

1. e4 e6 2. Qe2 d5 3. d3 Nf6 4. Nf3 b6 5. g3 Bb7 6. Nbd2 dxe4 7. dxe4 Nbd7
8. Bg2 Nc5 9. e5 Nfd7 10. O-O Rb8 11. c4 Be7 12. h4 O-O 13. b4 Na6 14. a3 c5
15. b5 Nc7 16. Rd1 f5 17. Nb3 Bxf3 18. Bxf3 Qc8 19. a4 Rd8 20. a5 Nxe5 21.
Qxe5 Rxd1+ 22. Bxd1 Bf6 23. Qe3 Bxa1 24. Nxa1 Qd7 25. Bc2 e5 26. Nb3 e4 27.
Bb2 Rd8 28. g4 Qf7 29. Qe2 Qg6 30. Kh2 Re8 31. Kg3 Qd6+ 32. Kh3 Qf4 33. gxf5
Qxf5+ 34. Qg4 Qxg4+ 35. Kxg4 e3 36. fxe3 Rxe3 37. Ba1 g6 38. Kf4 Re1 39. Bc3
Ne6+ 40. Kf3 Rh1 41. Kg3 Rg1+ 42. Kf3 Rh1 43. Kg3 Kf7 44. Be5 Rg1+ 45. Kf3
Rh1 46. Bb8 bxa5 47. Bxa7 a4 48. Nxc5 Nd4+ 49. Kg2 Ra1 50. Bxa4 Ra2+ 51. Kh3
h5 52. b6 Ra3+ 53. Kg2 Rxa4 54. Nxa4 Nc6 55. b7 Ke6 56. b8=Q Nxb8 57. Bxb8
Kd7 58. Kf3 Ke6 59. Bf4 Kf5 60. Nb2 Ke6 61. Ke4 Kd7 62. Nd3 Kc6 63. Ne5+ Kc5
64. Nxg6 Kxc4 65. Kf5 Kd5 66. Ne7+ Kd4 67. Kg5 Ke4 68. Bd6 Kf3 69. Kxh5 Ke4
70. Kg5 {Black resigns} 1-0

[Event "ICC tourney 2029 (45 10)"]
[Site "Internet Chess Club"]
[Date "2020.10.03"]
[Round "1"]
[White "TjkTiger"]
[Black "Luc2008"]
[Result "1-0"]
[ICCResult "Black resigns"]
[WhiteElo "2600"]
[BlackElo "1688"]
[Opening "English: Mikenas-Carls variation"]
[ECO "A18"]
[NIC "EO.57"]
[Time "11:07:29"]
[TimeControl "2700+10"]

1. c4 Nf6 2. Nc3 e6 3. e4 d5 4. cxd5 exd5 5. e5 d4 6. exf6 dxc3 7. Bb5+ c6
8. Qe2+ Be6 9. Bc4 Qxf6 10. dxc3 Nd7 11. Nf3 Be7 12. Bxe6 Qxe6 13. Qxe6 fxe6
14. O-O Bf6 15. Re1 Kf7 16. Bf4 Nc5 17. Rad1 Rad8 18. Bd6 Na4 19. Ba3 Nb6
20. Nd2 Be7 21. Bxe7 Kxe7 22. Kf1 Na4 23. Ne4 h6 24. b3 Nb2 25. Rb1 Nd3 26.
Re3 b6 27. g3 Rhf8 28. Ke2 Nc5 29. Nxc5 bxc5 30. Re4 Rd7 31. h4 Rfd8 32. Rb2
Kf7 33. Ra4 Rb7 34. c4 Rd4 35. Rd2 e5 36. Ra5 Ke7 37. Rxc5 Kd6 38. Ra5 Rxd2+
39. Kxd2 Rf7 40. Ke3 g5 41. hxg5 hxg5 42. f3 g4 43. fxg4 Rg7 44. Kf3 Rf7+
45. Kg2 Rg7 46. g5 Rxg5 47. Rxa7 e4 48. Kf2 e3+ 49. Kxe3 Rxg3+ 50. Kd4 Rg4+
51. Kc3 Kc5 52. Rd7 Rg3+ 53. Rd3 Rg1 54. b4+ Kb6 55. Kb2 Rg4 56. Kb3 Rg1 57.
c5+ Kb5 58. a4+ Ka6 59. Kc4 Rg4+ 60. Rd4 Rg1 61. b5+ cxb5+ 62. axb5+ Ka5 63.
b6 Ka6 64. Rd7 Rg4+ 65. Kd5 Rg5+ 66. Kc6 Rg6+ 67. Kc7 Rg5 68. c6 Rb5 69. Rd1
Rxb6 70. Ra1+ Kb5 71. Rb1+ Ka6 72. Rxb6+ {Black resigns} 1-0

[Event "ICC tourney 2029 (45 10)"]
[Site "Internet Chess Club"]
[Date "2020.10.03"]
[Round "1"]
[White "tcrgm"]
[Black "sirking2800"]
[Result "0-1"]
[ICCResult "White resigns"]
[WhiteElo "1602"]
[BlackElo "2008"]
[Opening "Giuoco Pianissimo"]
[ECO "C55"]
[NIC "IG.01"]
[Time "11:06:35"]
[TimeControl "2700+10"]

1. e4 e5 2. Nf3 Nc6 3. Bc4 Nf6 4. d3 Bc5 5. O-O d6 6. Nc3 h6 7. h3 O-O 8.
Bd2 a6 9. a3 Be6 10. Bd5 Qd7 11. Kh2 Rab8 12. Ng1 Ne7 13. Qf3 c6 14. Bb3 d5
15. Bxh6 dxe4 16. dxe4 Bxb3 17. cxb3 Qe6 18. Bg5 Nh7 19. Be3 Bxe3 20. Qxe3
Ng6 21. Na4 Nf4 22. Nc5 Qe7 23. Nd3 Qf6 24. Nf3 Rbd8 25. Nfxe5 Nxd3 26. Nxd3
Qd6+ 27. Nf4 g5 28. e5 gxf4 29. Qxf4 Qd2 30. Qg4+ Qg5 31. Qe4 Rd2 32. f4 Qg7
33. f5 Rfd8 34. f6 Ng5 35. Qg4 Qg6 36. Rf5 Ne6 37. Qxg6+ fxg6 38. f7+ Kg7
39. Rf6 Nf8 40. Raf1 Re2 41. e6 Rdd2 42. R6f2 Rxf2 43. Rxf2 Rxf2 44. e7 Kxf7
45. exf8=Q+ Kxf8 46. Kg3 Rxb2 {White resigns} 0-1

[Event "ICC tourney 2029 (45 10)"]
[Site "Internet Chess Club"]
[Date "2020.10.03"]
[Round "1"]
[White "Lukastico"]
[Black "nnrs"]
[Result "0-1"]
[ICCResult "White checkmated"]
[WhiteElo "1929"]
[BlackElo "1686"]
[Opening "Queen's Indian: Rubinstein variation"]
[ECO "E15"]
[NIC "QI.06"]
[Time "11:06:40"]
[TimeControl "2700+10"]

1. Nf3 Nf6 2. d4 e6 3. c4 b6 4. g3 Bb7 5. Bg2 c5 6. d5 exd5 7. Nh4 g6 8. Nc3
Bg7 9. cxd5 d6 10. Bf4 Nh5 11. Qa4+ Nd7 12. Bxd6 Bxc3+ 13. bxc3 Qf6 14. Qe4+
Kd8 15. Be7+ Qxe7 16. Qxe7+ Kxe7 17. d6+ Kxd6 18. O-O-O+ Kc7 19. Bxb7 Rad8
20. Bd5 f5 21. Nf3 Ndf6 22. c4 Nxd5 23. cxd5 Nf6 24. Ng5 Rxd5 25. e3 Kc6 26.
Rxd5 Nxd5 27. Rd1 Nc3 28. Rd2 Ne4 29. Nxe4 fxe4 30. Kd1 b5 31. Ke2 Rf8 32.
h3 a5 33. g4 b4 34. h4 a4 35. Rc2 b3 36. axb3 axb3 37. Rc3 Rb8 38. Rc1 Kd5
39. Kd2 c4 40. Kc3 Kc5 41. Rd1 Rb7 42. Rd2 b2 43. Rxb2 Rxb2 44. Kxb2 Kb4 45.
h5 gxh5 46. gxh5 h6 47. Kc2 c3 48. Kc1 Kb3 49. Kb1 c2+ 50. Kc1 Kc3 51. f4
exf3 52. e4 f2 53. e5 f1=Q# {White checkmated} 0-1

[Event "ICC tourney 2029 (45 10)"]
[Site "Internet Chess Club"]
[Date "2020.10.03"]
[Round "1"]
[White "Wushukyle"]
[Black "jy2020"]
[Result "0-1"]
[ICCResult "White checkmated"]
[WhiteElo "1537"]
[BlackElo "2222"]
[Opening "Sicilian: Smith-Morra gambit"]
[ECO "B21"]
[NIC "SI.47"]
[Time "11:07:07"]
[TimeControl "2700+10"]

1. e4 c5 2. d4 cxd4 3. c3 Nf6 4. e5 Nd5 5. cxd4 d6 6. Nf3 Nc6 7. Bc4 Nb6 8.
Bd3 Bg4 9. Be3 e6 10. Nbd2 dxe5 11. h3 exd4 12. Bf4 Bh5 13. Nc4 Bb4+ 14. Kf1
Nxc4 15. Bxc4 O-O 16. Bd3 e5 17. Bg5 Be7 18. h4 f6 19. Bd2 f5 20. g4 Bxg4
21. Qb3+ Kh8 22. Ng5 Bxg5 23. hxg5 Qe8 24. Be2 Bxe2+ 25. Kxe2 Qg6 26. Rh4
d3+ 27. Qxd3 Rad8 28. Qh3 Nd4+ 29. Kf1 f4 30. Bc3 Qf5 31. Rg4 Nb5 32. g6 h6
33. Re1 Nxc3 34. bxc3 Rf6 35. Kg2 Rxg6 36. f3 Rxg4+ 37. fxg4 Qc2+ 38. Kf1
Qd3+ 39. Qxd3 Rxd3 40. Rxe5 Rxc3 41. Re7 Ra3 42. Rxb7 Rxa2 43. Rf7 Ra4 44.
Rf5 Kg8 45. Kg2 g6 46. Rf6 Kg7 47. Rc6 Ra3 48. Rc7+ Kf6 49. Rc5 a5 50. Rb5
a4 51. Ra5 Ra1 52. Kf3 a3 53. Kxf4 a2 54. Ra6+ Ke7 55. Rxg6 Rf1+ 56. Kg3
a1=Q 57. Kg2 Rg1+ 58. Kh2 Rh1+ 59. Kg3 Qe1+ 60. Kf3 Rf1+ 61. Kg2 Qf2+ 62.
Kh3 Rh1# {White checkmated} 0-1

[Event "ICC tourney 2029 (45 10)"]
[Site "Internet Chess Club"]
[Date "2020.10.03"]
[Round "1"]
[White "Theutltl"]
[Black "Zuiopal"]
[Result "1-0"]
[ICCResult "Black checkmated"]
[WhiteElo "1309"]
[BlackElo "1678"]
[Opening "Caro-Kann: exchange variation"]
[ECO "B13"]
[NIC "CK.02"]
[Time "11:06:40"]
[TimeControl "2700+10"]

1. e4 c6 2. d4 d5 3. exd5 cxd5 4. Nf3 Nc6 5. Be2 Nf6 6. O-O g6 7. Bf4 Bg7 8.
c3 O-O 9. Nbd2 Bf5 10. Re1 Re8 11. Nf1 Ne4 12. Ng3 Nxg3 13. Bxg3 Bh6 14. Bd3
Be6 15. Ne5 Nxe5 16. Bxe5 a6 17. Qf3 Qd7 18. h3 b5 19. Bf4 Bg7 20. a3 Rec8
21. Rec1 Qc6 22. Bd2 Qb6 23. b4 h6 24. Qe3 Kh7 25. h4 h5 26. a4 a5 27. bxa5
Rxa5 28. axb5 Rca8 29. Rxa5 Qxa5 30. c4 Qa2 31. c5 Bxd4 32. Qxd4 Ra4 33. Qc3
d4 34. Qc2 Qa3 35. c6 Bb3 36. Qb1 Ba2 37. Qc2 Bb3 38. Qc5 Qb2 39. c7 Be6 40.
Qc2 Qa3 41. b6 Bc8 42. Be4 f5 43. b7 fxe4 44. bxc8=Q d3 45. Qc3 Qa2 46.
Q3h8# {Black checkmated} 1-0

[Event "ICC tourney 2029 (45 10)"]
[Site "Internet Chess Club"]
[Date "2020.10.03"]
[Round "1"]
[White "liuchess"]
[Black "xyzchessdude"]
[Result "0-1"]
[ICCResult "White resigns"]
[WhiteElo "1476"]
[BlackElo "2040"]
[Opening "Sicilian: Alapin's variation (2.c3)"]
[ECO "B22"]
[NIC "SI.46"]
[Time "11:06:40"]
[TimeControl "2700+10"]

1. e4 c5 2. c3 d5 3. exd5 Qxd5 4. d4 Nf6 5. Nf3 e6 6. Be3 cxd4 7. cxd4 Be7
8. Nc3 Qd8 9. Bc4 O-O 10. O-O Nbd7 11. d5 Nb6 12. Bxb6 Qxb6 13. dxe6 Bxe6
14. Na4 Qa5 15. Bxe6 fxe6 16. Qb3 Qd5 17. Qxd5 exd5 18. Rad1 Rac8 19. Nc3
Rfd8 20. a3 a6 21. Nd4 Bxa3 22. Na4 Bb4 23. Rd3 b5 24. Rb3 Ba5 25. Nc3 Rc4
26. Nce2 Bb6 27. Rd3 Ne4 28. b3 Rcc8 29. f3 Nc3 30. Kh1 Nxe2 31. Nxe2 Rc2
32. Nf4 d4 33. Rfd1 Kf7 34. h4 a5 35. Nh3 h6 36. Kg1 Re8 37. R1d2 Rxd2 38.
Rxd2 Re3 39. Rb2 Rc3 40. Kf1 d3 41. Rb1 d2 42. Rd1 Rc1 43. Ke2 Rxd1 44. Kxd1
Be3 45. Ke2 a4 46. bxa4 bxa4 47. Nf2 Bxf2 48. Kxd2 Bxh4 49. Kc3 Be7 50. g4
g5 51. Kb2 Ke6 52. Kc3 Ke5 {White resigns} 0-1

[Event "ICC tourney 2029 (45 10)"]
[Site "Internet Chess Club"]
[Date "2020.10.03"]
[Round "1"]
[White "orwind"]
[Black "JunlinTheWorld"]
[Result "1/2-1/2"]
[ICCResult "Game drawn by repetition"]
[WhiteElo "1509"]
[BlackElo "1862"]
[Opening "Sicilian"]
[ECO "B50"]
[NIC "SI.01"]
[Time "11:06:58"]
[TimeControl "2700+10"]

1. e4 c5 2. Nf3 d6 3. Nc3 g6 4. d4 cxd4 5. Qxd4 Nf6 6. Bc4 Nc6 7. Qd2 Bg7 8.
O-O O-O 9. Qe2 Bg4 10. Qe3 Bxf3 11. Qxf3 Ne5 12. Qe2 Nxc4 13. Qxc4 a6 14.
Qe2 Rc8 15. Rd1 Qc7 16. Bg5 Qc4 17. Qxc4 Rxc4 18. f3 h6 19. Bd2 b5 20. Rac1
Rb8 21. b3 Rc7 22. Ne2 Rbc8 23. c3 Nd7 24. Kf1 g5 25. Rc2 Nc5 26. Be1 Kf8
27. Nd4 Bxd4 28. Rxd4 Ne6 29. Rd1 Ke8 30. g3 f6 31. Rd3 Nc5 32. Re3 Ne6 33.
Rd3 Nc5 34. Rd1 Ne6 35. Rd3 {Game drawn by repetition} 1/2-1/2

[Event "ICC tourney 2029 (45 10)"]
[Site "Internet Chess Club"]
[Date "2020.10.03"]
[Round "1"]
[White "hpu2005"]
[Black "mancogu"]
[Result "1-0"]
[ICCResult "Black resigns"]
[WhiteElo "1587"]
[BlackElo "1572"]
[Opening "QGD semi-Slav"]
[ECO "D43"]
[NIC "QO.16"]
[Time "11:06:45"]
[TimeControl "2700+10"]

1. d4 d5 2. c4 e6 3. Nc3 Nf6 4. Nf3 c6 5. Bg5 Be7 6. e3 O-O 7. Bd3 Nbd7 8.
O-O dxc4 9. Bxc4 Nd5 10. Bxe7 Qxe7 11. e4 Nxc3 12. bxc3 e5 13. Qc2 exd4 14.
cxd4 Nb6 15. Bd3 Bg4 16. Ne5 Bh5 17. Qb2 f6 18. Nc4 Nxc4 19. Bxc4+ Bf7 20.
Bd3 Rfd8 21. Rad1 Rd7 22. Rd2 Rad8 23. Bb1 Bg6 24. f3 Qe6 25. Rfd1 Qe7 26.
Bc2 Bf7 27. Ba4 Rd6 28. Qb4 Qc7 29. Qc5 b6 30. Qc3 c5 31. d5 a6 32. Bc6 Be8
33. Bxe8 Rxe8 34. a4 Rb8 35. Rb2 b5 36. Rdb1 b4 37. Rxb4 Rxb4 38. Rxb4 Rb6
39. Rxb6 Qxb6 40. Qc4 Qb1+ 41. Kf2 Qb2+ 42. Kg3 Qb6 43. d6+ Kf8 44. Qe6 Qd8
45. Qd5 c4 46. Qc5 c3 47. d7+ Kf7 48. Qxc3 Kf8 49. Qc5+ Kf7 50. Qc8 Ke7 51.
Qxa6 Qxd7 52. Qb5 Qd6+ 53. Kf2 Qd2+ 54. Kg3 Qe1+ 55. Kh3 g5 56. g3 h5 57. a5
g4+ 58. fxg4 hxg4+ 59. Kxg4 Qxe4+ 60. Kh3 Qh7+ 61. Kg2 Qc2+ 62. Kg1 Qc1+ 63.
Kf2 Qd2+ 64. Qe2+ {Black resigns} 1-0

[Event "ICC tourney 2029 (45 10)"]
[Site "Internet Chess Club"]
[Date "2020.10.03"]
[Round "1"]
[White "AJ2000"]
[Black "tcao"]
[Result "0-1"]
[ICCResult "White resigns"]
[WhiteElo "1633"]
[BlackElo "2063"]
[Opening "French: Tarrasch, open variation, main line"]
[ECO "C09"]
[NIC "FR.22"]
[Time "11:06:38"]
[TimeControl "2700+10"]

1. e4 e6 2. d4 d5 3. Nd2 c5 4. Ngf3 Nc6 5. exd5 exd5 6. Bb5 Qe7+ 7. Qe2
Qxe2+ 8. Kxe2 a6 9. Bxc6+ bxc6 10. Re1 Ra7 11. Kf1+ Re7 12. Rxe7+ Bxe7 13.
dxc5 Bxc5 14. Nb3 Bd6 15. Be3 Nf6 16. Re1 O-O 17. Bc5 Bxc5 18. Nxc5 Nd7 19.
Nxd7 Bxd7 20. Ne5 Bf5 21. Nxc6 Bxc2 22. Ne7+ Kh8 23. Nxd5 g6 24. Nb4 Ba4 25.
Re7 Rb8 26. a3 a5 27. Nd5 Rxb2 28. Nc3 Bb3 29. Ke1 Rc2 30. Re3 a4 31. g3
Rc1+ 32. Kd2 Ra1 33. Nb5 Ra2+ 34. Ke1 Kg7 35. h4 h5 36. f4 Bc4 37. Nd4 Bb3
38. Nb5 Kf6 39. Re5 Be6 40. Re3 Kf5 41. Nd4+ Kg4 42. Nb5 Rg2 43. Re4 Kf3 44.
Rxa4 Rh2 45. Nd4+ Kxg3 46. Nxe6 fxe6 47. Ra6 Rxh4 48. Rxe6 Rg4 49. Rf6 h4
50. Kf1 h3 51. Kg1 h2+ 52. Kh1 Kh3 {White resigns} 0-1

[Event "ICC tourney 2029 (45 10)"]
[Site "Internet Chess Club"]
[Date "2020.10.03"]
[Round "2"]
[White "sritand"]
[Black "chesslin"]
[Result "0-1"]
[ICCResult "White resigns"]
[WhiteElo "1586"]
[BlackElo "1878"]
[Opening "Robatsch (modern) defense"]
[ECO "B06"]
[NIC "KF.05"]
[Time "13:32:31"]
[TimeControl "2700+10"]

1. e4 g6 2. d4 Bg7 3. Nf3 d6 4. Bc4 Nf6 5. Nc3 O-O 6. Be3 Nc6 7. h3 e5 8. d5
Ne7 9. Qd2 Nd7 10. Bh6 f5 11. Bxg7 Kxg7 12. h4 Nf6 13. Qg5 h6 14. Qe3 fxe4
15. Nxe4 Bg4 16. Nxf6 Rxf6 17. Nh2 Bd7 18. g4 Rf4 19. Bd3 Nxd5 20. Qd2 Qxh4
21. O-O-O Qxf2 22. Be2 Qe3 23. Qxe3 Nxe3 24. Rdg1 Bc6 {White resigns} 0-1

[Event "ICC tourney 2029 (45 10)"]
[Site "Internet Chess Club"]
[Date "2020.10.03"]
[Round "2"]
[White "Luc2008"]
[Black "hankmd"]
[Result "1-0"]
[ICCResult "Black resigns"]
[WhiteElo "1699"]
[BlackElo "1571"]
[Opening "Sicilian: Richter-Rauzer, Larsen variation, 7.Qd2"]
[ECO "B61"]
[NIC "SI.27"]
[Time "13:32:51"]
[TimeControl "2700+10"]

1. e4 c5 2. Nf3 d6 3. d4 Nf6 4. Nc3 cxd4 5. Nxd4 Nc6 6. Bg5 Bd7 7. Qd2 Rc8
8. O-O-O Nxd4 9. Qxd4 Qa5 10. Kb1 Qxg5 11. Qxa7 Bc6 12. f3 Qc5 13. Qxc5 dxc5
14. Bb5 e6 15. Bxc6+ Rxc6 16. e5 Nd7 17. f4 f6 18. exf6 gxf6 19. Rhe1 Kf7
20. Rxd7+ Be7 21. Rxb7 Rg8 22. g3 Rd8 23. b3 Rd2 24. a4 Rxh2 25. Nd5 exd5
26. Rexe7+ Kg6 27. Rec7 Re6 28. Rxc5 Ree2 29. a5 d4 30. Rd7 Re1+ 31. Kb2 Rd1
32. f5+ Kg5 33. Rg7+ Kh6 34. Rcc7 Rhd2 35. Rxh7+ Kg5 36. a6 d3 37. a7 dxc2
38. Rxc2 Rxc2+ 39. Kxc2 Rd8 40. b4 Ra8 41. b5 Kxf5 42. b6 Ke6 43. Rb7 Kd6
44. Rb8 {Black resigns} 1-0

[Event "ICC tourney 2029 (45 10)"]
[Site "Internet Chess Club"]
[Date "2020.10.03"]
[Round "2"]
[White "chessmaster0981"]
[Black "Lukastico"]
[Result "0-1"]
[ICCResult "White checkmated"]
[WhiteElo "1633"]
[BlackElo "1945"]
[Opening "Queen's pawn game, Rubinstein (Colle-Zukertort) variation"]
[ECO "D05"]
[NIC "QP.06"]
[Time "13:32:17"]
[TimeControl "2700+10"]

1. d4 Nf6 2. Nf3 e6 3. e3 d5 4. Bd3 c5 5. b3 Nc6 6. O-O Be7 7. Bb2 O-O 8. a3
Ne4 9. Nbd2 f5 10. Ne5 Nxe5 11. dxe5 Bd7 12. c4 Bc6 13. cxd5 Nxd2 14. Qxd2
Qxd5 15. Qc2 Qxg2# {White checkmated} 0-1

[Event "ICC tourney 2029 (45 10)"]
[Site "Internet Chess Club"]
[Date "2020.10.03"]
[Round "2"]
[White "Openyagami"]
[Black "drberkley"]
[Result "1-0"]
[ICCResult "Black resigns"]
[WhiteElo "2575"]
[BlackElo "1917"]
[Opening "King's Indian: 5.Nf3"]
[ECO "E90"]
[NIC "KI.20"]
[Time "13:32:15"]
[TimeControl "2700+10"]

1. c4 Nf6 2. Nf3 g6 3. Nc3 Bg7 4. e4 d6 5. d4 O-O 6. h3 Nc6 7. d5 Nb8 8. Bd3
e6 9. O-O exd5 10. cxd5 Re8 11. Bg5 Nbd7 12. Qd2 a6 13. Rae1 Qe7 14. Bc2 Qf8
15. Nd4 h6 16. Bh4 Nh7 17. f4 Bf6 18. Bxf6 Nhxf6 19. e5 dxe5 20. fxe5 Nxe5
21. Rxf6 {Black resigns} 1-0

[Event "ICC tourney 2029 (45 10)"]
[Site "Internet Chess Club"]
[Date "2020.10.03"]
[Round "2"]
[White "salamenceg"]
[Black "ivo20"]
[Result "0-1"]
[ICCResult "White checkmated"]
[WhiteElo "1083"]
[BlackElo "1350"]
[Opening "Sicilian: Katalimov variation"]
[ECO "B27"]
[NIC "SI.43"]
[Time "13:32:14"]
[TimeControl "2700+10"]

1. e4 c5 2. Nf3 b6 3. d4 e6 4. Nc3 Bb7 5. Be3 Nf6 6. e5 Nd5 7. Nxd5 Bxd5 8.
c4 Bxf3 9. Qxf3 Nc6 10. d5 Nxe5 11. Qe4 Bd6 12. g3 O-O 13. f4 exd5 14. cxd5
Ng4 15. Bd3 f5 16. Qf3 Nxe3 17. Kd2 Ng4 18. h3 Nh6 19. g4 fxg4 20. Qe4 g6
21. hxg4 Bxf4+ 22. Kc2 Qf6 23. Raf1 Rae8 24. Qc4 g5 25. d6+ Kg7 26. Kb1 Qd4
27. Qc2 Re6 28. Bxh7 Rfe8 29. Bf5 Re1+ 30. Rxe1 Rxe1+ 31. Rxe1 Bxd6 32. Bh7
Qf6 33. Bf5 Nxf5 34. Qxf5 Qxf5+ 35. gxf5 Kf6 36. Rd1 Be5 37. Rxd7 Kxf5 38.
Rxa7 g4 39. Rf7+ Kg5 40. Rf2 g3 41. Rg2 Kf4 42. Kc2 Kf3 43. Rd2 g2 44. Rd3+
Kf2 45. Rd2+ Kg1 46. Kd3 Bd4 47. Ke4 Kh1 48. Rd1+ g1=Q 49. Rxg1+ Kxg1 50.
Kd5 Kf2 51. Kc6 Bxb2 52. Kxb6 Ba3 53. Kb5 Ke3 54. Kc4 Kd2 55. Kb3 Bb4 56. a4
Kd3 57. Kb2 Kd4 58. Kc2 c4 59. Kc1 Kd3 60. Kd1 c3 61. Kc1 c2 62. a5 Bxa5 63.
Kb2 Kd2 64. Ka2 c1=Q 65. Kb3 Qc3+ 66. Ka2 Bb4 67. Kb1 Ba3 68. Ka2 Qb2#
{White checkmated}
0-1

[Event "ICC tourney 2029 (45 10)"]
[Site "Internet Chess Club"]
[Date "2020.10.03"]
[Round "2"]
[White "mnm1"]
[Black "guineapig25"]
[Result "0-1"]
[ICCResult "White checkmated"]
[WhiteElo "1343"]
[BlackElo "2020"]
[Opening "Sicilian: Prins (Moscow) variation"]
[ECO "B55"]
[NIC "SI.01"]
[Time "13:32:29"]
[TimeControl "2700+10"]

1. e4 c5 2. Nf3 d6 3. d4 cxd4 4. Nxd4 Nf6 5. f3 e5 6. Nb3 d5 7. exd5 Nxd5 8.
c4 Nb4 9. a3 Qxd1+ 10. Kxd1 N4c6 11. Bd3 Be6 12. Nc3 Na6 13. Be3 O-O-O 14.
Kc2 Nab4+ 15. Kb1 Nxd3 16. Nd2 Bc5 17. Bxc5 Nxc5 18. Nde4 Nxe4 19. Nxe4 Bxc4
20. Rc1 Bd3+ 21. Ka2 Bxe4 22. fxe4 Rd2 23. Rc5 Rhd8 24. Rac1 Rxg2 25. Rxe5
Rdd2 26. Rb5 a6 27. Rb6 Kc7 28. Rb3 Rxh2 29. Rf1 Rhf2 30. Rg1 g6 31. Rh1 h5
32. Rc1 h4 33. Rh1 g5 34. Rg1 f6 35. Rh1 Nd4 36. Rc3+ Kb8 37. Rg1 Rxb2+ 38.
Ka1 Ra2+ 39. Kb1 Rfb2+ 40. Kc1 Ne2+ 41. Kd1 Ra1+ 42. Rc1 Rxc1#
{White checkmated}
0-1

[Event "ICC tourney 2029 (45 10)"]
[Site "Internet Chess Club"]
[Date "2020.10.03"]
[Round "2"]
[White "rychessmaster1"]
[Black "keb2020"]
[Result "1-0"]
[ICCResult "Black checkmated"]
[WhiteElo "2206"]
[BlackElo "1819"]
[Opening "Pirc: classical system, 5.Be2"]
[ECO "B08"]
[NIC "PU.03"]
[Time "13:32:34"]
[TimeControl "2700+10"]

1. d4 Nf6 2. Nc3 g6 3. e4 d6 4. Nf3 Bg7 5. Be2 O-O 6. O-O Nc6 7. d5 Ne5 8.
Nxe5 dxe5 9. Qd3 e6 10. dxe6 Bxe6 11. Qb5 Qc8 12. Qxe5 c6 13. Qg3 Nd7 14.
Bf4 b5 15. Rad1 b4 16. Na4 c5 17. b3 Re8 18. Bb5 h6 19. Be3 Be5 20. f4 Bg7
21. f5 Be5 22. Qh3 Re7 23. fxe6 fxe6 24. Bxd7 Qa6 25. Bxc5 Rg7 26. Qxe6+
Qxe6 27. Bxe6+ Kh7 28. Rd7 Rxd7 29. Bxd7 a5 30. Rf7+ Bg7 31. Bd4 Rg8 32.
Rxg7+ Rxg7 33. Bxg7 Kxg7 34. Kf2 g5 35. Ke3 g4 36. g3 h5 37. Kf4 Kg6 38. Nc5
Kf6 39. Nb7 a4 40. bxa4 h4 41. a5 hxg3 42. hxg3 b3 43. axb3 Ke7 44. Bxg4 Kf6
45. a6 Kg6 46. a7 Kh6 47. a8=Q Kg6 48. Qg8+ Kh6 49. Bf5 Kh5 50. Qg6#
{Black checkmated}
1-0